 Dungeon Crawl Stone Soup version 0.29-a0-222-g5b244fca1f (webtiles) character file.

Game seed: 14941871142522089700

3 mcwallace the Firebug (level 1, 0/10 HPs)
             Began as a Tengu Fire Elementalist on Feb 27, 2022.
             Hit by a stone thrown by a kobold (1 damage)
             ... on level 1 of the Dungeon.
             The game lasted 00:00:39 (72 turns).

mcwallace the Firebug (Tengu Fire Elementalist)       Turns: 72, Time: 00:00:40

Health: 0/10       AC:  2    Str:  8    XL:     1   Next: 50%
Magic:  1/4        EV: 12    Int: 15    God:
Gold:   0          SH:  0    Dex: 14    Spells: 3/4 levels left

rFire   . . .      SeeInvis .   (no weapon)
rCold   . . .      Faith    .   (no shield)
rNeg    . . .      Spirit   .   a - +0 robe
rPois   .          Reflect  .   (helmet restricted)
rElec   .          Harm     .   (no cloak)
rCorr   .          Rampage  .   (no gloves)
Will    .....                   (boots unavailable)
Stlth   ++........              (no amulet)
HPRegen 0.03/turn               (no ring)
MPRegen 0.09/turn               (no ring)

@: no status effects
A: beak, talons 3
a: no special abilities


You were on level 1 of the Dungeon.
You visited 1 branch of the dungeon, and saw 1 of its levels.


Innate Abilities, Weirdness & Mutations

You have a beak for a mouth.
You have claws for feet.


   Skills:
 + Level 0.2 Fighting
 + Level 2.2 Dodging
 - Level 2.0 Stealth
 + Level 2.0 Spellcasting
 + Level 1.5 Conjurations
 + Level 3.3 Fire Magic


You had 3 spell levels left.
You knew the following spells:

 Your Spells              Type           Power      Damage    Failure   Level
a - Foxfire               Conj/Fire      32%        2x1d5     9%          1

Your spell library contained the following spells:

 Spells                   Type           Power      Damage    Failure   Level
 Scorch                   Fire           22%        2d6       9%          2
 Conjure Flame            Conj/Fire      8%         6-21      24%         3
 Inner Flame              Hex/Fire       6%         N/A       32%         3
 Flame Wave               Conj/Fire      8%         2d5       63%         4

Inventory:

Armour
 a - a +0 robe (worn)
 b - a +0 ring mail
   (You found it on level 1 of the Dungeon)

Dungeon Overview and Level Annotations

Branches:
Dungeon (1/15)

Altars:

###################
.............K..@.+
###.......#.#######
#..♣♣♣♣♣...#
#...♣♣♣♣♣.♣.#
.♣♣.♣∩∩∩.♣♣♣.⌠
.♣♣∩.....∩♣♣...#
♣∩..♣♣♣..∩♣♣..#
♣∩...<...∩♣ ..#
♣∩..♣♣♣..∩♣ ..#


You could see a kobold.


Message History

Press ? for a list of commands and other information.
Found a staircase leading out of the dungeon.
Found an escape hatch in the floor.
b - a +0 ring mail A ball python and a jackal come into view.
The ball python hisses angrily.
The jackal barks!
You hear a bark!
A jackal comes into view.
You conjure some foxfire! 😎 MP[-1]
You lost 1 mp, and now have 3/4 mp.
You conjure some foxfire!
The foxfire hits the ball python.
You kill the ball python!
The foxfire hits the jackal. 😎 MP[-1]
You lost 1 mp, and now have 2/4 mp.
There are monsters nearby!
The foxfire hits the jackal.
You conjure some foxfire! 😎 MP[-1]
You lost 1 mp, and now have 1/4 mp.
You conjure some foxfire!
The foxfire hits the jackal.
The jackal closely misses you. 😎 MP[-1]
You lost 1 mp, and now have 0/4 mp.
The foxfire hits the jackal.
You kill the jackal!
The foxfire hits the jackal.
The foxfire hits the jackal but does no damage.
You are too depleted to draw on your mana recklessly!
The jackal bites you. 😕 HP[-2]
You take 2 damage, and now have 8/10 hp.
You hit the jackal but do no damage. Your peck misses the jackal.
The jackal closely misses you.
You hit the jackal. The jackal bites you.
The jackal closely misses you. 😮 HP[-1]
You take 1 damage, and now have 7/10 hp.
You hit the jackal but do no damage. You claw the jackal, but do no damage.
You peck the jackal. The jackal misses you. 😮 MP[+1]
The jackal barely misses you. The jackal closely misses you.
You are too injured to fight recklessly!
The jackal bites you. 😮 HP[-1]
You take 1 damage, and now have 6/10 hp.
The jackal barely misses you. The jackal bites you.
* * * LOW HITPOINT WARNING * * *
😨 HP[-2]
You take 2 damage, and now have 4/10 hp.
Casting: Foxfire (safe; 9% risk of failure)
Confirm with . or Enter, or press ? or * to list all spells.
You conjure some foxfire!
The jackal bites you.
* * * LOW HITPOINT WARNING * * *
😨 HP[-1] MP[-1]
You take 1 damage, and now have 3/10 hp.
You lost 1 mp, and now have 0/4 mp.
The foxfire hits the jackal.
You kill the jackal!
Unknown command.
A kobold comes into view. It is wielding a +0 whip. 😨 MP[+2]
You regained 2 mp, and now have 2/4 mp.
A kobold is nearby!
A kobold is nearby!
A kobold is nearby!
A kobold is nearby!
You are too injured to fight recklessly!
Casting: Foxfire (safe; 9% risk of failure)
Confirm with . or Enter, or press ? or * to list all spells.
You conjure some foxfire!
The kobold shouts! 😨 MP[-1]
You lost 1 mp, and now have 1/4 mp.
The foxfire hits the kobold.
Casting: Foxfire (safe; 9% risk of failure)
Confirm with . or Enter, or press ? or * to list all spells.
You miscast Foxfire.
You are very lightly contaminated with residual magic.
Nothing appears to happen.
Casting: Foxfire (safe; 9% risk of failure)
Confirm with . or Enter, or press ? or * to list all spells.
You conjure some foxfire!
The kobold throws a stone.
The stone hits you but does no damage. 😨 MP[-1]
You lost 1 mp, and now have 0/4 mp.
The foxfire hits the kobold but does no damage.
The kobold throws a stone.
The stone hits you.
* * * LOW HITPOINT WARNING * * *
😱 HP[-2]
You take 2 damage, and now have 1/10 hp.
The kobold throws a stone.
The stone hits you.
* * * LOW HITPOINT WARNING * * *
Your magical contamination has completely faded away.
You hit the kobold. Your kick misses the kobold.
The kobold hits you but does no damage.
The kobold throws a stone.
The stone completely misses you.
The kobold throws a stone.
The stone hits you.
You die...

Action                   || total
-------------------------++-------
Melee: Unarmed           ||     4
       Kick              ||     1
       Peck              ||     1
 Cast: Foxfire           ||     7
Armor: Robe              ||     2
Dodge: Dodged            ||     8

Levels and vault maps discovered:
D:1:      heliophobic_arrival_henge, layout_basic

Notes
Turn   | Place    | Note
-------+----------+-------------------------------------------
     0 | D:1      | mcwallace the Tengu Fire Elementalist began the quest for
                  | the Orb.
     0 | D:1      | Reached XP level 1. HP: 10/10 MP: 4/4
     0 | D:1      | magus.rc [v1.9.6]
    65 | D:1      | HP: 1/10 [kobold/stone (2)]
    72 | D:1      | Hit by a stone thrown by a kobold

Vanquished Creatures
  2 jackals (D:1)
  A ball python (D:1)
3 creatures vanquished.

Vanquished Creatures (others)
  10 foxfires (D:1)
10 creatures vanquished.

Grand Total: 13 creatures vanquished

Table legend:
 A = Non-vault XP
 B = Vault XP
 C = Vault XP percentage of total XP
 D = Non-vault monster count
 E = Vault monster count
 F = Vault count percentage of total count
                 A         B        C        D         E       F
            +---------+---------+-------+---------+---------+-------
      Total |       5 |       0 |   0.0 |       3 |       0 |   0.0
            +---------+---------+-------+---------+---------+-------
        D:1 |       5 |       0 |   0.0 |       3 |       0 |   0.0
            +---------+---------+-------+---------+---------+-------

Illustrated notes

Table legend:
 A = Kills in this place as a percentage of kills in entire the game.
 B = Kills by you in this place as a percentage of kills by you in the entire game.
 C = Kills by friends in this place as a percentage of kills by friends in the entire game.
 D = Other kills in this place as a percentage of other kills in the entire game.
 E = Experience gained in this place as a percentage of experience gained in the entire game.
 F = Experience gained in this place divided by the number of levels of this place that you have seen.
                   A       B       C       D       E      F
               +-------+-------+-------+-------+-------+----------------------
         Total | 100.0 | 100.0 |   N/A |   N/A | 100.0 |   5.0
       Dungeon | 100.0 | 100.0 |   N/A |   N/A | 100.0 |   5.0
               +-------+-------+-------+-------+-------+----------------------

Table legend: (Time is in decaauts)
 A = Elapsed time spent in this place.
 B = Non-inter-level travel time spent in this place.
 C = Inter-level travel time spent in this place.
 D = Time resting spent in this place.
 E = Time spent auto-exploring this place.
 F = Levels seen in this place.
 G = Mean time per level.
                   A        B        C        D        E       F      G
               +--------+--------+--------+--------+--------+-----+--------+
         Total |     72 |     72 |      0 |      0 |     31 |   1 |   72.0 |
       Dungeon |     72 |     72 |      0 |      0 |     31 |   1 |   72.0 |
               +--------+--------+--------+--------+--------+-----+--------+

Top non-repeatable levels by time:
     D:1: 72 daAuts
